 Dungeon Crawl Stone Soup version 0.29.0-11-gd7f09526c8 (webtiles) character file.

Game seed: 12280295388800365263

36666 sanka the Brawler (level 13, 0/135 (136) HPs)
             Began as a Troll Cinder Acolyte on Sept 2, 2022.
             Was an Elder of Okawaru.
             Killed from afar by a Hell Sentinel (32 damage)
             ... with damnation
             ... summoned by a dread lich
             ... on level 2 of the Abyss.
             The game lasted 00:28:45 (11708 turns).

sanka the Brawler (Troll Cinder Acolyte)           Turns: 11708, Time: 00:28:45

HP:   0/135 (136)   AC: 10    Str: 25    XL:     13   Next: 54%
MP:   15/15         EV: 13    Int: 10    God:    Okawaru [****..]
Gold: 1177          SH:  0    Dex:  9    Spells: 14/14 levels left

rFire   . . .      SeeInvis .     - Unarmed
rCold   . . .      Faith    .   (no shield)
rNeg    . . .      Spirit   .   N - +0 steam dragon scales
rPois   .          Reflect  .   (helmet restricted)
rElec   .          Harm     .   (no cloak)
rCorr   .          Rampage  .   (gloves unavailable)
Will    .....                   (boots unavailable)
Stlth   +.........              (no amulet)
HPRegen 1.12/turn               D - +4 ring of protection
MPRegen 0.14/turn               p - +4 ring of evasion

@: about to teleport, lightly drained
A: large, unfitting armour, claws 3, regeneration 1, shaggy fur 1, tough skin 1,
[deformed body], [screaming 2], [no potion heal 2]
a: Renounce Religion, Heroism, Finesse


You were on level 2 of the Abyss.
You worshipped Okawaru.
Okawaru was greatly pleased with you.
You visited 2 branches of the dungeon, and saw 16 of its levels.
You visited the Abyss 1 time.
You also visited: Bailey.

You collected 1177 gold pieces.


Innate Abilities, Weirdness & Mutations

You are too large for most types of armour.
You have claws for hands.
Your natural rate of healing is unusually fast.
You are covered in fur. (AC +1)
You have tough skin. (AC +1)
[Armour fits poorly on your strangely shaped body.]
[You frequently scream uncontrollably at your foes.]
[Potions cannot restore your health.]


   Skills:
 + Level 10.9 Fighting
 - Level 8.3 Armour
 + Level 16.0 Unarmed Combat
 - Level 1.0 Spellcasting
 - Level 2.1 Fire Magic
 + Level 5.0 Invocations


You had 14 spell levels left.
You didn't know any spells.
Your spell library contained the following spells:

 Spells                   Type           Power      Damage    Failure   Level
 Scorch                   Fire           8%         2d5       22%         2
 Static Discharge         Conj/Air       0%         3-3/arc   45%         2
 Corpse Rot               Necr/Pois/Air  0%         N/A       98%         4
 Blade Hands              Tmut           0%         N/A       100%        5
 Irradiate                Conj/Tmut      0%         3d11      100%        5
 Dragon Form              Tmut           0%         N/A       100%        7
 Orb of Destruction       Conj           0%         9d5       100%        7
 Summon Guardian Golem    Hex/Summ       Unusable   N/A       N/A         3
 Summon Cactus Giant      Summ           Unusable   N/A       N/A         6
 Spellforged Servitor     Conj/Summ      Unusable   N/A       N/A         7

Inventory:

Hand Weapons
 b - a +5 broad axe of flaming
 S - the +12 spear "Luuthruv" {antimagic, +Blink}

   It reduces the magical energy of the wielder, and disrupts the spells and
   magical abilities of those it strikes.
   Natural abilities and divine invocations are not affected.
   +Blink:    It lets you blink.
Missiles
 r - 5 curare-tipped darts {=f}
 u - a throwing net {=f}
Armour
 N - +0 steam dragon scales (worn)
Magical Staves
 M - a staff of fire
Jewellery
 p - a +4 ring of evasion (right claw)
 s - a ring of positive energy
 D - a +4 ring of protection (left claw)
 H - a +6 ring of dexterity
 O - a +4 ring of evasion
 Q - a ring of fire
 T - a ring of fire
Wands
 k - a wand of flame (42)
 o - a wand of roots (18)
 t - a wand of mindburst (13)
 B - a wand of polymorph (19)
 G - a wand of digging (5)
 I - a wand of paralysis (10)
Scrolls
 c - 3 scrolls of vulnerability {!r}
 d - 3 scrolls of fog
 f - 5 scrolls of poison {!r}
 h - 3 scrolls of brand weapon
 l - a scroll of blinking {unknown}
 n - a scroll of magic mapping
 q - 2 scrolls of teleportation {@r4}
 v - 2 scrolls of enchant armour
 y - 3 scrolls of fear
 z - 4 scrolls of immolation {!r}
 F - a scroll of amnesia
 K - a scroll of summoning
 P - a scroll of acquirement {unknown}
Potions
 a - 4 potions of might {unknown}
 e - 4 potions of heal wounds {unknown}
 g - a potion of resistance {unknown}
 i - 5 potions of mutation {unknown}
 j - a potion of attraction {unknown}
 m - 3 potions of degeneration {unknown}
 w - 5 potions of brilliance {unknown}
 x - a potion of flight {unknown}
 A - 5 potions of lignification {unknown}
 C - a potion of magic {unknown}
 E - 7 potions of curing {@q1}
 J - a potion of cancellation {unknown}
 L - a potion of invisibility {unknown}
 R - 2 potions of haste {unknown}

Dungeon Overview and Level Annotations

Branches:
Dungeon (14/15)            Temple (1/1) D:5            Lair (0/5) D:11
    Orc (0/2) D:12         Vaults (0/5) D:13         Bailey (visited)

Altars:
Ashenzari
Cheibriados
Dithmenos
Elyvilon
Fedhas
Gozag
Hepliaklqana
Kikubaaqudgha
Makhleb
Nemelex Xobeh
Okawaru
Qazlal
Ru
Sif Muna
Trog
Uskayaw
Vehumet
Wu Jian
Xom
Yredelemnul
Zin
The Shining One

Shops:
D:9 ([(

Annotations:
D:11 exclusion: downstairs
D:15 Louise

.▒ .... X▒ ...▒
▒ ▒▒ .......
.▒.▒▒.. .▒...
.....▒.....X ..
.▒.▒....
..▒....
.▒.▒▒..▒.......
▒▒▒▒....▒▒T▒
...▒...▒.▒
▒.....▒..▒
▒▒...▒...▒▒▒▒▒
▒...▒▒.......▒
▒.....▒21...▒~~
▒.▒.▒........▒▒
▒.▒▒...▒.▒▒.▒▒
▒.▒......▒ ▒▒


You could see a Hell Sentinel (summoned), a tentacled starspawn, a thrashing
horror and a tormentor (summoned).


Message History

Okawaru accepts your kill.
Your Invocations skill increases to level 5!
Unknown command.
A dread lich comes into view.
The dread lich shouts!
The dread lich mumbles some strange words.
The dread lich flickers and vanishes!
Deactivating autopickup; reactivate with Ctrl-A.
Unknown command.
Okay, then.
You hear some strange, mumbled words.
You hear some strange, mumbled words.
As you read the scroll of teleportation {@r4}, it crumbles to dust.
You feel strangely unstable.
You feel the power of the Abyss delaying your translocation!
Unknown command.
The tormentor calls on the powers of darkness!
Your body is wracked with pain!
* * * LOW HITPOINT WARNING * * *
A tentacled starspawn comes into view.
The Hell Sentinel gestures at you.
The sphere of damnation explodes!
The damnation engulfs you!!
* * * LOW HITPOINT WARNING * * *
You hear a roar!
A thrashing horror comes into view.
The Hell Sentinel gestures at you.
The sphere of damnation explodes!
The damnation engulfs you!!
You die...

Action                   |  1- 3 |  4- 6 |  7- 9 | 10-12 | 13-15 || total
-------------------------+-------+-------+-------+-------+-------++-------
Melee: Unarmed           |    96 |   166 |   317 |   352 |   141 ||  1072
       Punch             |       |     2 |    18 |    19 |    13 ||    52
       Broad axe         |       |       |       |    15 |       ||    15
Throw: Dart              |       |       |       |     3 |       ||     3
Invok: Fiery Armour      |       |       |     2 |     2 |       ||     4
       Foxfire Swarm     |       |       |       |     2 |       ||     2
       Heroism           |       |       |       |    10 |     7 ||    17
       Finesse           |       |       |       |       |     1 ||     1
Evoke: Wand              |       |       |       |     8 |       ||     8
  Use: Scroll            |       |       |     1 |    10 |     4 ||    15
       Potion            |       |       |       |     2 |       ||     2
 Stab: Paralysed         |       |       |       |     5 |       ||     5
       Sleeping          |       |       |       |       |     2 ||     2
Armor: Robe              |    36 |    54 |    65 |     4 |       ||   159
       Steam dragon scal |       |       |       |   108 |    39 ||   147
Dodge: Dodged            |    32 |    72 |   167 |   166 |    35 ||   472

Levels and vault maps discovered:
D:1:      ncdulo_lavacross, layout_rooms, chequers_serial_rivers_room_a,
          ebering_dispersal_statue_hall
D:2:      layout_rooms, basic_altar, minmay_gold_behind_fungi,
          amcnicky_mini_corridor_feature
D:3:      layout_rooms, uniq_sigmund, uniq_jessica, uniq_robin
D:4:      layout_basic, minmay_surrounded, uniq_ijyb
D:5:      layout_basic, minmay_temple_entry_statues_pillars,
          dreamdust_mushroom_princess, nicolae_figureground_sparkle
D:6:      layout_gridville, minmay_misc_feat_columns
D:7:      layout_loops_ring
D:8:      layout_basic, enter_bailey_5
D:9:      layout_small_grid, serial_shops, nicolae_shop_hallway_plus,
          nicolae_stop_n_shop_2, shop, minmay_three_doors, uniq_joseph
D:10:     layout_loops_corners, mainiacjoe_overflow_24_doors, uniq_josephine
D:11:     layout_basic, lair_entry_dummy
D:12:     layout_cave_pods, hiddenorc2_lemuel
D:13:     layout_loops_cross, hangedman_vaults_entry_quadrant_bands,
          gammafunk_ghost_smash, special_room [special_room_orc], minivault_12
D:14:     layout_roguey, nicolae_trove_entry_isolated,
          okawaru_ov_weapons_minmay, nicolae_wu_jian_immortal_techniques
D:15:     hangedman_depths_entry_civil_slaughter, layout_cave_pods,
          serial_bayou_pond_e, ebering_ghost_inner_flame, uniq_louise
Temple:   kilobyte_greek_temple
Abyss:2:  base: D:1, evilmike_abyss_exit_plants, evilmike_abyss_exit_plants,
          evilmike_abyss_exit_3

Notes
Turn   | Place    | Note
-------+----------+-------------------------------------------
     0 | D:1      | sanka the Troll Cinder Acolyte began the quest for the Orb.
     0 | D:1      | Reached XP level 1. HP: 22/22 MP: 1/1
   126 | D:1      | Reached XP level 2. HP: 26/29 MP: 2/2
   359 | D:1      | Reached skill level 4 in Unarmed Combat
   438 | D:1      | Reached XP level 3. HP: 36/36 MP: 3/3
   716 | D:2      | Found an ancient bone altar of Kikubaaqudgha.
   824 | D:2      | Reached skill level 5 in Unarmed Combat
   824 | D:2      | Reached XP level 4. HP: 21/44 MP: 4/4
  1036 | D:2      | Reached XP level 5. HP: 27/50 MP: 5/5
  1263 | D:3      | Noticed Robin
  1274 | D:3      | Killed Robin
  1280 | D:3      | Reached skill level 6 in Unarmed Combat
  1346 | D:3      | Noticed a phantom
  1357 | D:3      | Killed a phantom
  1496 | D:3      | Noticed Sigmund
  1513 | D:3      | Reached XP level 6. HP: 37/59 MP: 6/6
  1553 | D:3      | Killed Sigmund
  1554 | D:3      | Reached skill level 7 in Unarmed Combat
  1753 | D:3      | Noticed Jessica
  1763 | D:3      | Killed Jessica
  1887 | D:4      | Reached skill level 8 in Unarmed Combat
  1904 | D:4      | Reached XP level 7. HP: 32/66 MP: 7/7
  2072 | D:4      | Noticed Ijyb
  2247 | D:4      | Killed Ijyb
  2532 | D:5      | Entered Level 5 of the Dungeon
  2657 | D:5      | Found a staircase to the Ecumenical Temple.
  2780 | D:5      | HP: 5/66 [gnoll/+0 halberd[a gnoll bouda] (15)]
  2874 | D:5      | Reached skill level 9 in Unarmed Combat
  2894 | D:5      | Identified the +3 short sword of a Gauntlet {flame, Int+4}
  3097 | D:5      | Reached XP level 8. HP: 74/74 MP: 8/8
  3106 | D:5      | Reached skill level 10 in Unarmed Combat
  3826 | D:6      | Reached skill level 11 in Unarmed Combat
  4262 | D:7      | Reached skill level 12 in Unarmed Combat
  4295 | D:7      | Reached XP level 9. HP: 70/80 MP: 9/9
  4435 | D:7      | Reached skill level 1 in Invocations
  4494 | D:7      | Reached skill level 1 in Armour
  4536 | D:7      | Reached skill level 3 in Fighting
  5169 | D:8      | Reached skill level 2 in Invocations
  5188 | D:8      | Found a flagged portal.
  5206 | Bailey   | Entered a bailey
  5267 | Bailey   | Reached skill level 2 in Armour
  5327 | Bailey   | Reached skill level 4 in Fighting
  5353 | Bailey   | Noticed an orc knight
  5371 | Bailey   | Killed an orc knight
  5372 | Bailey   | Reached skill level 5 in Fighting
  5501 | Bailey   | Reached XP level 10. HP: 80/96 MP: 10/10
  5620 | Bailey   | Reached skill level 13 in Unarmed Combat
  5652 | Bailey   | Noticed an orc warlord
  5683 | Bailey   | Reached skill level 6 in Fighting
  5724 | Bailey   | Noticed an orc knight
  5743 | Bailey   | Killed an orc knight
  5842 | Bailey   | Killed an orc warlord
  5843 | Bailey   | Reached skill level 7 in Fighting
  5904 | Bailey   | Got Dugify's Almanac of Unified Fog
  6027 | D:8      | Identified +0 steam dragon scales
  6154 | D:8      | Identified the +0 scale mail of Jidi {Dex+6 SInv}
  6409 | D:9      | Found Reniff's Weapon Emporium.
  6475 | D:9      | Noticed a centaur warrior
  6496 | D:9      | Killed a centaur warrior
  6497 | D:9      | Reached skill level 3 in Invocations
  6701 | D:9      | Found Qomian's Weapon Emporium.
  6713 | D:9      | Found Ruomerghy's Armour Emporium.
  6887 | D:9      | Reached skill level 8 in Fighting
  6887 | D:9      | Reached XP level 11. HP: 104/111 MP: 12/12
  6900 | D:9      | Reached skill level 3 in Armour
  6926 | D:9      | Noticed Joseph
  6945 | D:9      | Killed Joseph
  6958 | D:9      | Noticed a two-headed ogre
  6971 | D:9      | Killed a two-headed ogre
  7311 | Temple   | Entered the Ecumenical Temple
  7478 | Temple   | Fell from the grace of Ignis
  7478 | Temple   | Became a worshipper of Warmaster Okawaru
  7585 | D:10     | Entered Level 10 of the Dungeon
  7605 | D:10     | Reached skill level 4 in Invocations
  7638 | D:10     | Noticed Josephine
  7655 | D:10     | Killed Josephine
  7656 | D:10     | Reached skill level 4 in Armour
  7656 | D:10     | Reached skill level 14 in Unarmed Combat
  7656 | D:10     | HP: 16/169 [wraith[Josephine] (11)]
  7734 | D:9      | Reached skill level 8 in Armour
  7734 | D:9      | Reached XP level 12. HP: 122/122 MP: 14/14
  7945 | D:10     | Reached * piety under Okawaru
  8291 | D:10     | Found a bloodstained altar of Trog.
  8782 | D:11     | Noticed a two-headed ogre
  8789 | D:11     | Killed a two-headed ogre
  8966 | D:11     | Reached skill level 9 in Fighting
  9041 | D:11     | Found a staircase to the Lair.
  9126 | D:11     | Noticed an eight-headed hydra
  9150 | D:11     | Killed a three-headed hydra
  9326 | D:11     | Identified the +12 spear "Luuthruv" {antimagic, +Blink}
  9334 | D:11     | Noticed a two-headed ogre
  9341 | D:11     | Killed a two-headed ogre
  9455 | D:11     | Noticed a two-headed ogre
  9464 | D:11     | Killed a two-headed ogre
  9464 | D:11     | Reached ** piety under Okawaru
  9653 | D:12     | Noticed a two-headed ogre
  9667 | D:12     | Killed a two-headed ogre
  9672 | D:12     | Noticed a six-headed hydra
  9692 | D:12     | Killed a one-headed hydra
  9693 | D:12     | Reached skill level 15 in Unarmed Combat
 10000 | D:12     | Found a staircase to the Orcish Mines.
 10168 | D:12     | Noticed a two-headed ogre
 10183 | D:12     | Killed a two-headed ogre
 10184 | D:12     | Reached skill level 10 in Fighting
 10184 | D:12     | Reached XP level 13. HP: 133/133 MP: 12/15
 10517 | D:12     | Reached *** piety under Okawaru
 11072 | D:13     | Found a gate to the Vaults.
 11229 | D:13     | Reached **** piety under Okawaru
 11385 | D:15     | Entered Level 15 of the Dungeon
 11528 | D:15     | Noticed Louise
 11538 | D:15     | Reached skill level 16 in Unarmed Combat
 11539 | Abyss:2  | Cast into level 2 of the Abyss (Louise)
 11543 | Abyss:2  | Found a corrupted altar of Lugonu.
 11545 | Abyss:2  | Was forgiven by Ignis
 11580 | Abyss:2  | Noticed a starcursed mass
 11636 | Abyss:2  | Found a corrupted altar of Lugonu.
 11676 | Abyss:2  | Reached skill level 5 in Invocations
 11695 | Abyss:2  | Noticed a dread lich
 11703 | Abyss:2  | Noticed a Hell Sentinel
 11707 | Abyss:2  | Noticed a tentacled starspawn
 11708 | Abyss:2  | Killed from afar by a Hell Sentinel

Vanquished Creatures
  An orc warlord (Bailey)
  Josephine (D:10)
  2 hydras
  An ogre mage (D:13)
  7 two-headed ogres
  A centaur warrior (D:9)
  A tengu warrior (D:14)
  3 skeletal warriors (D:15)
  A wretched star (Abyss:2)
  2 orc knights (Bailey)
  A deep elf zephyrmancer (D:13)
  2 deep elf pyromancers (D:13)
  4 ugly things
  Joseph (D:9)
  2 kobold demonologists
  An efreet (D:15)
  3 trolls
  9 slime creatures
  Sigmund (D:3)
  3 shadows
  16 yaks
  2 wyverns (D:9)
  5 wraiths
  12 fire elementals
  2 steam dragons
  An acid dragon (D:11)
  3 water moccasins
  16 orc warriors
  2 ice beasts
  3 ogres (D:13)
  3 centaurs
  A phantom (D:3)
  3 kobold brigands
  3 bullfrogs
  3 necrophages
  2 scorpions
  2 gnoll sergeants
  A small abomination (Abyss:2)
  4 wights (D:7)
  5 howler monkeys
  6 hounds
  A jelly (D:6)
  12 orc priests
  5 iguanas
  Jessica (D:3)
  A gnoll bouda (D:5)
  14 orc wizards
  Ijyb (D:4)
  Robin (D:3)
  31 gnolls
  10 adders
  A white imp (D:8)
  An ufetubus (D:5)
  3 worms
  A dart slug (D:2)
  62 orcs
  6 bats
  8 endoplasms
  6 giant cockroaches
  31 goblins
  12 hobgoblins
  3 jackals (D:3)
  3 quokkas
  5 ball pythons
  2 frilled lizards
  11 kobolds
  4 rats
378 creatures vanquished.

Vanquished Creatures (others)
  A demonic plant (Abyss:2)
  43 foxfires (Bailey)
  16 fungi
  4 toadstools (D:2)
64 creatures vanquished.

Grand Total: 442 creatures vanquished
